 Dungeon Crawl Stone Soup version 0.31-a0-217-g58bb5d79cf (webtiles) character file.

Game seed: 6598472312542125170

177923 qw the Severer (level 18, -26/119 HPs)
             Began as a Gargoyle Fighter on July 2, 2023.
             Was a High Priest of Okawaru.
             Killed from afar by Nikola (46 damage)
             ... with an arc of chain lightning
             ... on level 3 of the Shoals.
             The game lasted 00:17:57 (33189 turns).

qw the Severer (Gargoyle Fighter)                  Turns: 33189, Time: 00:17:58

Health: -26/119    AC: 47    Str: 33    XL:     18   Next: 18%
Magic:  20/25      EV: 14    Int: 10    God:    Okawaru [*****.]
Gold:   658        SH: 15    Dex: 13    Spells: 17/17 levels left

rFire   + . .        Y - +9 broad axe (venom)
rCold   + . .        J - +0 kite shield {reflect}
rNeg    + . .        H - +8 chain mail "Wooti" {rF+ rC+ Will+ Dex+4}
rPois   inf          x - +1 helmet
rElec   +            t - +0 cloak
rCorr   .            y - +3 pair of gauntlets of War {Slay+5}
SInv    .            n - +0 pair of boots
Will    +++..        h - amulet of faith Stlth
                     v - +6 ring of strength
HPRegen 0.39/turn    k - ring of willpower
MPRegen 0.19/turn

%: reflection, faith
@: about to teleport, heroic, finesse-ful, flying
A: sickness immunity, AC +13, big wings, negative energy resistance 1,
electricity resistance, torment resistance 1, petrification resistance
a: Renounce Religion, Heroism, Finesse, Duel


You were on level 3 of the Shoals.
You worshipped Okawaru.
Okawaru was extremely pleased with you.
You visited 6 branches of the dungeon, and saw 29 of its levels.

You collected 3285 gold pieces.
You spent 2627 gold pieces at shops.


Innate Abilities, Weirdness & Mutations

You are immune to sickness and miasma.
Your stone body is resilient. (AC +13)
You are immune to poison.
Your large and strong wings let you fly.
You resist negative energy. (rN+)
You are resistant to electric shocks. (rElec)
You are resistant to unholy torment.
You are immune to petrification.


   Skills:
 + Level 15.2(20.2) Fighting
 - Level 18.0(23.0) Axes
 - Level 8.0(13.0) Throwing
 - Level 13.0(18.0) Armour
 - Level 6.1(11.1) Dodging
 - Level 15.0(20.0) Shields
 - Level 10.0 Invocations


You had 17 spell levels left.
You didn't know any spells.
Your spell library was empty.

Inventory:

Hand Weapons
 Y - a +9 broad axe of venom (weapon)
Missiles
 f - 18 boomerangs
 I - 2 javelins (quivered)
Armour
 n - a +0 pair of boots (worn)
 q - the +0 scale mail "Xidwaiw" {Will+ rCorr Int+4 Dex+3}
   (You found it on level 5 of the Dungeon)

   Int:       It affects your intelligence (+4).
   Dex:       It affects your dexterity (+3).
   rCorr:     It protects you from acid and corrosion.
   Will:      It increases your willpower.
 t - a +0 cloak (worn)
 x - a +1 helmet (worn)
 y - the +3 pair of gauntlets of War (worn) {Slay+5}
   (Okawaru gifted it to you on level 1 of the Snake Pit)

   Slay:      It affects your accuracy & damage with ranged weapons and melee
   (+5).
 A - a +7 plate armour of fire resistance
 E - the +3 hat of Pondering {ponderous, Will+ MP+10 Int+5}
   (You found it on level 1 of the Orcish Mines)

   Int:       It affects your intelligence (+5).
   MP:        It affects your magic capacity (+10).
   Will:      It increases your willpower.
 H - the +8 chain mail "Wooti" (worn) {rF+ rC+ Will+ Dex+4}
   (You bought it in a shop on level 2 of the Orcish Mines)

   Dex:       It affects your dexterity (+4).
   rF:        It protects you from fire.
   rC:        It protects you from cold.
   Will:      It increases your willpower.
 J - a +0 kite shield of reflection (worn)
Jewellery
 e - a ring of protection from cold
 h - an amulet of faith (around neck)
 k - a ring of willpower (right hand)
 u - a +6 ring of dexterity
 v - a +6 ring of strength (left hand)
 B - a ring of protection from cold
 F - a ring of fire
 G - an amulet of the acrobat
Wands
 a - a wand of digging (9)
Scrolls
 g - 14 scrolls of identify
 o - a scroll of enchant weapon
 C - a scroll of teleportation
Potions
 c - 5 potions of mutation
 d - 5 potions of might
 i - 4 potions of enlightenment
 j - a potion of heal wounds
 l - 3 potions of haste
 m - 2 potions of magic
 p - 2 potions of lignification
 s - 11 potions of curing
 w - 5 potions of attraction

Dungeon Overview and Level Annotations

Branches:
Dungeon (15/15)            Temple (1/1) D:7            Lair (5/5) D:8
 Shoals (3/4) Lair:2        Snake (3/4) Lair:2        Slime (0/5) Lair:4
    Orc (2/2) D:11            Elf (0/3) Orc:2        Vaults (0/5) D:13
 Depths (0/4) D:15

Altars:
Ashenzari
Cheibriados
Dithmenos
Elyvilon
Gozag
Hepliaklqana
Kikubaaqudgha
Makhleb
Nemelex Xobeh
Okawaru
Qazlal
Ru
Sif Muna
Trog
Uskayaw
Vehumet
Wu Jian
Xom
Yredelemnul
Zin
The Shining One

Shops:
D:10 ?   D:11 [   D:15 :   Orc:2 (:*[   Snake:1 (   Snake:2 :=

Annotations:
D:3 1 runed translucent door, qw's ghost, amateur GrHs
D:5 2 runed translucent doors
Lair:5 2 runed translucent doors
Shoals:3 1 runed translucent door, Nikola


Message History

The bolt of lightning hits Nikola!
You hear an angry hiss. x2
Enter note:
Enter note:
Enter note:
Enter note:
Enter note:
Enter note:
Enter note:
Enter note:
Enter note:
Enter note:
Enter note:
Enter note:
Enter note:
Enter note:
Enter note:
Enter note:
Enter note:
Enter note:
Enter note:
Enter note: You slice Nikola!!
Nikola is poisoned.
Nikola is moderately wounded.
You slash Nikola!
Nikola is moderately wounded.
You barely miss Nikola.
Nikola is moderately wounded.
Nikola gestures wildly while chanting.
Lightning arcs from Nikola's hands!
The bolt of lightning hits you!!! You resist.
A bolt of lightning appears from out of thin air!
The bolt of lightning hits Nikola!
33189 ||| READING 2 scrolls of teleportation.
As you read the scroll of teleportation, it crumbles to dust.
You feel strangely unstable.
Nikola casts a spell.
Lightning arcs from Nikola's hands!
The bolt of lightning hits you!!! You resist.
You die...

~~~~~~~~~~~~~~~~~~~~~~## ~~
~~~~~~~~~~~~~~~~~~~~~.## ~~.
~~~~~~~~~~~~~~~~~~~~~~.# .~~.
~~~~~.~~~~~~~~~~~~~~~~.#######...
~~~ ~...~~~~~~.....##... ~~~~
.##~~~~~~~....# #..
.~~~~##.~~~~~~~....# #..
.~~~~~~~~)~~~~~~~~.###..
#.~~~~~@~~~##~~~.~~.....
#...~~@~~~~###~~~.~~.##.
#>....~~~####~~~~~...##.
#....~~~~# ~~~~~~~~(..~~
.#...~~~~~~~~~~~~~~~~~~~
##...~~~~~~~~~~~~~~~~~~
(..~~.)~~~~~~.~~~~~~~~~
~~....~~~~~~~~~~[...~~~
~~~~~~...~~~


You could see Nikola (very poisoned).

Vanquished Creatures
  Rupert (D:13)
  Jorgrun (Shoals:1)
  A titan (Shoals:1)
  Gastronok (Orc:1)
  A kraken (Shoals:2)
  Polyphemus (Shoals:3)
  Kirke (D:13)
  Roxanne (Shoals:1)
  Donald (Shoals:1)
  A nagaraja (Snake:2)
  A frost giant (Shoals:1)
  2 orc warlords (Orc:2)
  2 stone giants (Shoals:1)
  Snorg (D:13)
  Josephine (D:14)
  2 merfolk impalers
  A fire dragon (Lair:4)
  A salamander tyrant (Snake:2)
  5 ogre magi
  A catoblepas (Shoals:3)
  A spriggan skeleton (D:15)
  8 anacondas
  3 centaur warriors
  8 hydras
  3 satyrs
  2 merfolk avatars
  A two-headed ogre (shapeshifter) (D:14)
  Erica (Lair:2)
  17 two-headed ogres
  2 tengu warriors (D:13)
  A merfolk aquamancer (Shoals:2)
  7 naga warriors
  3 boulder beetles
  5 death yaks
  Urug (Lair:1)
  7 naga sharpshooters
  5 shock serpents
  2 sun demons (D:10)
  7 skysharks
  Amaemon (D:10)
  2 salamander mystics
  2 skeletal warriors (D:15)
  2 lindwurms
  4 sea snakes
  4 naga ritualists
  A deep elf zephyrmancer (Orc:1)
  A phantasmal warrior (D:15)
  A stone giant zombie (D:15)
  An oklob plant (Lair:2)
  5 mana vipers (Snake:3)
  4 deep elf pyromancers
  2 orc sorcerers
  2 necromancers
  10 ugly things
  16 cyclopes
  2 iron dragon zombies (D:15)
  10 fauns
  11 salamanders
  9 merfolk sirens
  11 manticores
  6 elephants (Lair:5)
  2 rust devils (D:10)
  2 guardian serpents
  2 molten gargoyles (Lair:5)
  8 naga magi
  2 water nymphs
  10 cane toads
  A torpor snail (Lair:5)
  3 orange demons (D:10)
  2 gargoyles
  27 black mambas
  9 rime drakes
  5 yaktaurs (D:15)
  10 komodo dragons
  2 tengu conjurers
  A freezing wraith (D:15)
  4 unseen horrors
  5 polar bears
  10 trolls
  A red devil (D:10)
  2 wind drakes
  8 merfolk
  A meliai (D:11)
  2 hornets
  Grinder (D:3)
  2 snapping turtles
  Prince Ribbit (Lair:1)
  2 dream sheep (Shoals:2)
  17 blink frogs
  5 slime creatures
  3 water elementals
  46 yaks
  A shadow (D:10)
  A centaur simulacrum (D:15)
  Sigmund (D:4)
  A vampire (D:9)
  9 wraiths
  6 wyverns
  3 hogs (D:13)
  5 basilisks
  10 steam dragons
  7 humans
  Menkaure (D:7)
  A warg (Orc:1)
  5 acid dragons
  6 vampire mosquitoes
  29 nagas
  A swamp worm (shapeshifter) (D:11)
  4 hell hounds (Lair:5)
  18 water moccasins
  A swamp drake (Orc:1)
  13 orc warriors
  An ice beast (D:7)
  5 sky beasts
  4 black bears
  24 ogres
  15 wolves
  10 centaurs
  4 phantoms
  Blork the orc (Orc:1)
  3 kobold brigands
  7 bullfrogs
  5 scorpions
  3 gnoll sergeants
  12 wights
  7 killer bees
  2 howler monkeys
  An electric eel (D:13)
  A crimson imp (Orc:1)
  6 quasits
  4 jellies
  5 lava snakes (Lair:5)
  6 orc priests
  2 hounds
  An iron imp (Orc:1)
  An iguana (D:6)
  Ijyb (D:3)
  13 orc wizards
  Natasha (D:3)
  A statue (D:14)
  6 gnolls
  13 adders
  3 shadow imps
  2 white imps
  An ufetubus (D:7)
  2 worms
  6 dart slugs
  55 orcs
  9 endoplasms
  2 giant cockroaches
  12 goblins
  7 hobgoblins
  3 jackals (D:4)
  A quokka (D:5)
  9 ball pythons
  8 bats
  4 frilled lizards
  11 kobolds
  2 rats
  3 tentacles (Shoals:2)
842 creatures vanquished.

Vanquished Creatures (others)
  A tengu warrior (D:15)
  A steam dragon (Lair:5)
  4 tentacles (Shoals:2)
6 creatures vanquished.

Grand Total: 848 creatures vanquished

Notes
Turn   | Place    | Note
-------+----------+-------------------------------------------
     0 | D:1      | qw the Gargoyle Fighter began the quest for the Orb.
     0 | D:1      | Reached XP level 1. HP: 14/14 MP: 1/1
     0 | D:1      | 0 ||| qw: Version: 0.3-a-40-ge99b1a8
     0 | D:1      | 0 ||| qw: Game counter: 190
     0 | D:1      | 0 ||| qw: Melee chars always use a shield: true
     0 | D:1      | 0 ||| qw: God list: Okawaru
     0 | D:1      | 0 ||| qw: Allow faded altars: false
     0 | D:1      | 0 ||| qw: Do Orc after clearing Dungeon:15 true
     0 | D:1      | 0 ||| qw: Do second Lair branch before Depths: true
     0 | D:1      | 0 ||| qw: Lair rune preference: random
     0 | D:1      | 0 ||| qw: Goals: Normal, Zot:1-4, Slime:5, God:TSO, Crypt,
                  | Tomb, Abyss, Pan, Hells, Win
     0 | D:1      | 0 ||| PLANNING D:1-11
    54 | D:1      | Reached skill level 2 in Axes
   244 | D:1      | Reached XP level 2. HP: 11/19 MP: 2/2
   607 | D:1      | Reached skill level 3 in Axes
   631 | D:1      | 631 ||| DROPPING +0 club.
   974 | D:1      | 974 ||| UPGRADING to +0 chain mail.
   984 | D:1      | 984 ||| DROPPING +0 scale mail.
   985 | D:1      | 985 ||| READING scroll labelled IMPARCH MEPNAMN.
   986 | D:1      | 986 ||| READING 2 scrolls labelled ODUQEM PEZ ANU.
   987 | D:1      | 987 ||| READING scroll labelled FISTU XAONEH.
  1073 | D:2      | Reached XP level 3. HP: 23/23 MP: 3/3
  1173 | D:2      | 1173 ||| Stepping ~*~*~tactically~*~*~ (stealth).
  1204 | D:2      | 1204 ||| Stepping ~*~*~tactically~*~*~ (stealth).
  1505 | D:2      | Reached XP level 4. HP: 28/28 MP: 4/4
  1573 | D:2      | Found a faded altar of an unknown god.
  1596 | D:2      | Reached skill level 4 in Axes
  1723 | D:2      | 1723 ||| UPGRADING to +0 pair of boots.
  1728 | D:2      | 1728 ||| DROPPING ring of flight.
  1729 | D:2      | 1729 ||| READING scroll labelled MEEMNOT MICI.
  1730 | D:2      | 1730 ||| READING scroll labelled KENUAPIOME.
  1731 | D:2      | 1731 ||| READING scroll labelled BUAPSUC PIJUURU.
  1732 | D:2      | 1732 ||| READING scroll labelled KAGUOD YBIWK.
  1733 | D:2      | 1733 ||| DRINKING 2 lumpy grey potions.
  1734 | D:2      | 1734 ||| DRINKING 2 fizzy inky potions.
  1801 | D:3      | Noticed Natasha
  1808 | D:3      | Killed Natasha
  1809 | D:3      | Reached XP level 5. HP: 32/32 MP: 5/5
  1886 | D:3      | 1886 ||| Stepping ~*~*~tactically~*~*~ (hiding).
  2123 | D:3      | Identified the +8 shortbow of Zal Acke {elec, Int+5}
  2214 | D:3      | Noticed Grinder
  2215 | D:3      | 2215 ||| Stepping ~*~*~tactically~*~*~ (hiding).
  2227 | D:3      | Paralysed by Grinder for 5 turns
  2240 | D:3      | Paralysed by Grinder for 3 turns
  2248 | D:3      | Killed Grinder
  2249 | D:3      | Reached skill level 6 in Axes
  2249 | D:3      | Reached XP level 6. HP: 37/37 MP: 6/6
  2381 | D:3      | Found a glowing golden altar of the Shining One.
  2381 | D:3      | Found a glowing silver altar of Zin.
  2381 | D:3      | Found a white marble altar of Elyvilon.
  2449 | D:3      | 2449 ||| DROPPING +0 whip.
  2498 | D:3      | Found a runed translucent door.
  2499 | D:3      | Noticed qw's ghost (amateur GrHs)
  2604 | D:3      | Noticed Ijyb
  2615 | D:3      | 2615 ||| DRINKING 2 potions of curing.
  2615 | D:3      | 2615 ||| (to cure confusion)
  2617 | D:3      | 2617 ||| DRINKING potion of curing.
  2617 | D:3      | 2617 ||| (to cure confusion)
  2625 | D:3      | Killed Ijyb
  2754 | D:3      | 2754 ||| DROPPING +2 ring mail of willpower.
  2755 | D:3      | 2755 ||| UPGRADING to amulet of faith.
  2760 | D:3      | 2760 ||| READING scroll labelled OLOEXE OCEBI.
  2789 | D:3      | 2789 ||| Stepping ~*~*~tactically~*~*~ (stealth).
  2865 | D:4      | Reached skill level 1 in Dodging
  2893 | D:4      | Reached XP level 7. HP: 39/43 MP: 7/7
  2990 | D:4      | Noticed Sigmund
  3011 | D:4      | Killed Sigmund
  3012 | D:4      | Reached skill level 7 in Axes
  3347 | D:4      | 3347 ||| READING scroll of enchant weapon.
  3347 | D:4      | 3347 ||| ENCHANTING +1 war axe.
  3361 | D:4      | HP: 10/43 [ogre/+0 giant spiked club (8)]
  3362 | D:4      | 3362 ||| DRINKING potion of heal wounds.
  3551 | D:4      | 3551 ||| UPGRADING to ring of protection from cold.
  3552 | D:4      | 3552 ||| UPGRADING to ring of positive energy.
  3553 | D:4      | 3553 ||| READING 2 scrolls of identify.
  3553 | D:4      | 3553 ||| IDENTIFYING murky black potion
  3568 | D:5      | Entered Level 5 of the Dungeon
  3602 | D:5      | Found a sacrificial altar of Ru.
  3719 | D:5      | Found a runed translucent door.
  3733 | D:5      | Found a runed translucent door.
  3759 | D:5      | Reached XP level 8. HP: 50/50 MP: 8/8
  3841 | D:5      | Identified the +0 scale mail "Xidwaiw" {Will+ rCorr Int+4
                  | Dex+3}
  3872 | D:5      | Reached skill level 1 in Throwing
  3877 | D:5      | 3877 ||| Stepping ~*~*~tactically~*~*~ (hiding).
  3880 | D:5      | 3880 ||| Stepping ~*~*~tactically~*~*~ (hiding).
  4123 | D:5      | Found a shimmering blue altar of Sif Muna.
  4503 | D:5      | 4503 ||| UPGRADING to +0 plate armour.
  4513 | D:5      | 4513 ||| DROPPING +0 chain mail.
  4514 | D:5      | 4514 ||| READING scroll labelled COLUCUNAEL.
  4602 | D:6      | 4602 ||| Stepping ~*~*~tactically~*~*~ (stealth).
  4637 | D:6      | 4637 ||| Stepping ~*~*~tactically~*~*~ (hiding).
  4708 | D:6      | 4708 ||| DROPPING +0 flail.
  4872 | D:6      | HP: 12/50 [something (2)]
  4877 | D:6      | Killed an unseen horror
  4878 | D:6      | Reached skill level 8 in Axes
  4879 | D:6      | 4879 ||| Stepping ~*~*~tactically~*~*~ (stealth).
  4882 | D:6      | 4882 ||| Stepping ~*~*~tactically~*~*~ (stealth).
  4898 | D:6      | 4898 ||| Stepping ~*~*~tactically~*~*~ (stealth).
  4902 | D:6      | 4902 ||| Stepping ~*~*~tactically~*~*~ (stealth).
  4916 | D:6      | 4916 ||| Stepping ~*~*~tactically~*~*~ (stealth).
  5016 | D:6      | Reached skill level 6 in Fighting
  5193 | D:6      | Found an opulent altar of Gozag.
  5193 | D:6      | Found a broken altar of Ashenzari.
  5248 | D:6      | Reached XP level 9. HP: 55/55 MP: 9/9
  5464 | D:6      | Reached skill level 9 in Axes
  5585 | D:6      | 5585 ||| READING scroll labelled UHEURETAYNN.
  5586 | D:6      | 5586 ||| READING scroll labelled QOYVEA YJUVEM.
  5874 | D:7      | Found a burning altar of Makhleb.
  5920 | D:7      | Found a staircase to the Ecumenical Temple.
  5921 | D:7      | 5921 ||| PLANNING TEMPLE
  5948 | D:7      | 5948 ||| READING scroll labelled CIROACHIUH.
  5949 | D:7      | 5949 ||| READING 2 scrolls of identify.
  5949 | D:7      | 5949 ||| IDENTIFYING silvery potion
  5958 | Temple   | Entered the Ecumenical Temple
  6045 | Temple   | 6045 ||| PLANNING OKAWARU WORSHIP
  6053 | Temple   | Became a worshipper of Warmaster Okawaru
  6054 | Temple   | 6054 ||| PLANNING D:1-11
  6224 | D:7      | 6224 ||| Stepping ~*~*~tactically~*~*~ (stealth).
  6225 | D:7      | 6225 ||| Stepping ~*~*~tactically~*~*~ (stealth).
  6255 | D:7      | Reached skill level 6 in Armour
  6300 | D:7      | Reached * piety under Okawaru
  6330 | D:7      | Reached skill level 1 in Invocations
  6383 | D:7      | 6383 ||| Stepping ~*~*~tactically~*~*~ (hiding).
  6390 | D:7      | 6390 ||| INVOKING Heroism.
  6402 | D:7      | Reached skill level 10 in Axes
  6402 | D:7      | Reached skill level 3 in Invocations
  6402 | D:7      | Reached XP level 10. HP: 38/63 MP: 8/12
  6405 | D:7      | 6405 ||| INVOKING Heroism.
  6410 | D:7      | Reached ** piety under Okawaru
  6431 | D:7      | Noticed Menkaure
  6432 | D:7      | 6432 ||| INVOKING Heroism.
  6435 | D:7      | Killed Menkaure
  6511 | D:7      | Noticed a two-headed ogre
  6512 | D:7      | 6512 ||| FLEEEEING.
  6519 | D:7      | 6519 ||| Stepping ~*~*~tactically~*~*~ (stealth).
  6525 | D:7      | 6525 ||| Stepping ~*~*~tactically~*~*~ (stealth).
  6526 | D:7      | 6526 ||| Stepping ~*~*~tactically~*~*~ (stealth).
  6548 | D:7      | Noticed a purple ugly thing
  6550 | D:7      | 6550 ||| Stepping ~*~*~tactically~*~*~ (stealth).
  6556 | D:7      | 6556 ||| INVOKING Heroism.
  6562 | D:7      | Killed a purple ugly thing
  6579 | D:7      | 6579 ||| FLEEEEING.
  6580 | D:7      | 6580 ||| FLEEEEING.
  6581 | D:7      | 6581 ||| FLEEEEING.
  6584 | D:7      | 6584 ||| FLEEEEING.
  6585 | D:7      | 6585 ||| FLEEEEING.
  6586 | D:7      | 6586 ||| FLEEEEING.
  6587 | D:7      | 6587 ||| FLEEEEING.
  6588 | D:7      | 6588 ||| FLEEEEING.
  6595 | D:7      | 6595 ||| FLEEEEING.
  6596 | D:7      | 6596 ||| FLEEEEING.
  6597 | D:7      | 6597 ||| FLEEEEING.
  6598 | D:7      | 6598 ||| FLEEEEING.
  6599 | D:7      | 6599 ||| FLEEEEING.
  6603 | D:7      | 6603 ||| FLEEEEING.
  6604 | D:7      | 6604 ||| FLEEEEING.
  6605 | D:7      | 6605 ||| FLEEEEING.
  6606 | D:7      | 6606 ||| FLEEEEING.
  6607 | D:7      | 6607 ||| FLEEEEING.
  6608 | D:7      | 6608 ||| FLEEEEING.
  6609 | D:7      | 6609 ||| FLEEEEING.
  6610 | D:7      | 6610 ||| FLEEEEING.
  6611 | D:7      | 6611 ||| INVOKING Heroism.
  6612 | D:7      | 6612 ||| Stepping ~*~*~tactically~*~*~ (stealth).
  6621 | D:7      | HP: 7/64 [two-headed ogre/+0 giant club (18)]
  6624 | D:7      | Killed a two-headed ogre
  6627 | D:7      | 6627 ||| INVOKING Heroism.
  6942 | D:7      | 6942 ||| INVOKING Heroism.
  7192 | D:7      | Found a hide-covered altar of Uskayaw.
  7298 | D:7      | Reached skill level 11 in Axes
  7338 | D:7      | Found a bloodstained altar of Trog.
  7344 | D:7      | 7344 ||| INVOKING Heroism.
  7452 | D:7      | 7452 ||| READING scroll labelled NIADIV MULOZI.
  7456 | D:7      | 7456 ||| READING 2 scrolls of identify.
  7456 | D:7      | 7456 ||| IDENTIFYING puce potion
  7491 | D:8      | 7491 ||| INVOKING Heroism.
  7570 | D:8      | 7570 ||| Stepping ~*~*~tactically~*~*~ (hiding).
  7629 | D:8      | Reached *** piety under Okawaru
  7790 | D:8      | Reached skill level 9 in Fighting
  7838 | D:8      | Found a staircase to the Lair.
  7854 | D:8      | Found an ornate altar of the Wu Jian Council.
  7884 | D:8      | Reached XP level 11. HP: 71/71 MP: 14/14
  7961 | D:8      | Found a flagged portal.
  8223 | D:8      | 8223 ||| PLANNING LAIR
  8223 | D:8      | 8223 ||| UPGRADING to +0 pair of gloves.
  8228 | D:8      | 8228 ||| UPGRADING to +0 kite shield.
  8238 | D:8      | 8238 ||| DROPPING +0 buckler.
  8239 | D:8      | 8239 ||| READING 4 scrolls labelled OHEOBRITAE.
  8340 | D:8      | 8340 ||| READING 4 scrolls of identify.
  8340 | D:8      | 8340 ||| IDENTIFYING metallic inky potion
  8341 | D:8      | 8341 ||| DROPPING 3 scrolls of silence.
  8372 | Lair:1   | Entered Level 1 of the Lair of Beasts
  8374 | Lair:1   | 8374 ||| INVOKING Heroism.
  8392 | Lair:1   | 8392 ||| INVOKING Heroism.
  8404 | Lair:1   | 8404 ||| FLEEEEING.
  8405 | Lair:1   | 8405 ||| FLEEEEING.
  8406 | Lair:1   | 8406 ||| STAIRDANCE
  8408 | D:8      | 8408 ||| INVOKING Heroism.
  8417 | D:8      | Reached skill level 6 in Shields
  8429 | Lair:1   | Noticed Prince Ribbit
  8440 | Lair:1   | 8440 ||| INVOKING Heroism.
  8451 | Lair:1   | Reached **** piety under Okawaru
  8468 | Lair:1   | Killed Prince Ribbit
  8527 | Lair:1   | 8527 ||| Stepping ~*~*~tactically~*~*~ (stealth).
  8531 | Lair:1   | 8531 ||| Stepping ~*~*~tactically~*~*~ (stealth).
  8832 | Lair:1   | Noticed Urug
  8833 | Lair:1   | 8833 ||| Stepping ~*~*~tactically~*~*~ (hiding).
  8835 | Lair:1   | 8835 ||| INVOKING Heroism.
  8855 | Lair:1   | Killed Urug
  9002 | Lair:1   | 9002 ||| SWAPPING to +4 broad axe of flaming.
  9003 | Lair:1   | 9003 ||| DROPPING +0 morningstar.
  9004 | Lair:1   | 9004 ||| DROPPING +2 war axe.
  9059 | Lair:1   | 9059 ||| INVOKING Heroism.
  9166 | Lair:1   | Reached ***** piety under Okawaru
  9224 | Lair:1   | 9224 ||| Stepping ~*~*~tactically~*~*~ (stealth).
  9227 | Lair:1   | 9227 ||| Stepping ~*~*~tactically~*~*~ (stealth).
  9240 | Lair:1   | 9240 ||| INVOKING Heroism.
  9401 | Lair:1   | 9401 ||| UPGRADING to +2 chain mail of fire resistance.
  9411 | Lair:1   | 9411 ||| READING scroll labelled QOERONG UC ZIXI.
  9412 | Lair:1   | 9412 ||| READING 4 scrolls of identify.
  9412 | Lair:1   | 9412 ||| IDENTIFYING bubbling dark potion
  9450 | Lair:2   | Reached skill level 6 in Invocations
  9459 | Lair:2   | Received a gift from Okawaru
  9544 | Lair:2   | Noticed a four-headed hydra
  9545 | Lair:2   | 9545 ||| INVOKING Heroism.
  9546 | Lair:2   | 9546 ||| INVOKING Finesse.
  9547 | Lair:2   | 9547 ||| SWAPPING to +0 flail.
  9552 | Lair:2   | Killed a four-headed hydra
  9553 | Lair:2   | Reached skill level 9 in Shields
  9553 | Lair:2   | 9553 ||| SWAPPING to +4 broad axe of protection.
  9560 | Lair:2   | Noticed Erica
  9574 | Lair:2   | Killed Erica
  9574 | Lair:2   | Received a gift from Okawaru
  9575 | Lair:2   | Reached skill level 3 in Throwing
  9575 | Lair:2   | Reached XP level 12. HP: 54/76 MP: 10/17
  9701 | Lair:2   | 9701 ||| READING scroll of brand weapon.
  9701 | Lair:2   | 9701 ||| BRANDING +4 broad axe of protection.
  9751 | Lair:2   | Received a gift from Okawaru
  9820 | Lair:2   | 9820 ||| INVOKING Heroism.
  9923 | Lair:2   | Found a staircase to the Shoals.
  9926 | Lair:2   | Received a gift from Okawaru
  9927 | Lair:2   | 9927 ||| INVOKING Heroism.
  9930 | Lair:2   | 9930 ||| Stepping ~*~*~tactically~*~*~ (water).
  9938 | Lair:2   | Received a gift from Okawaru
  9990 | Lair:2   | 9990 ||| INVOKING Heroism.
  9991 | Lair:2   | 9991 ||| INVOKING Finesse.
 10076 | Lair:2   | Noticed a skyshark
 10085 | Lair:2   | Killed a skyshark
 10086 | Lair:2   | Reached skill level 9 in Invocations
 10213 | Lair:2   | Received a gift from Okawaru
 10357 | Lair:2   | 10357 ||| Stepping ~*~*~tactically~*~*~ (stealth).
 10359 | Lair:2   | 10359 ||| Stepping ~*~*~tactically~*~*~ (stealth).
 10364 | Lair:2   | Received a gift from Okawaru
 10367 | Lair:2   | 10367 ||| INVOKING Heroism.
 10485 | Lair:2   | Noticed a four-headed hydra
 10486 | Lair:2   | 10486 ||| INVOKING Heroism.
 10487 | Lair:2   | 10487 ||| INVOKING Finesse.
 10491 | Lair:2   | 10491 ||| SWAPPING to +0 flail.
 10492 | Lair:2   | Killed a four-headed hydra
 10493 | Lair:2   | 10493 ||| SWAPPING to +4 heavy broad axe.
 10697 | Lair:2   | 10697 ||| READING scroll of enchant weapon.
 10697 | Lair:2   | 10697 ||| ENCHANTING +4 heavy broad axe.
 10800 | Lair:2   | 10800 ||| Stepping ~*~*~tactically~*~*~ (hiding).
 10820 | Lair:2   | Found a staircase to the Snake Pit.
 10825 | Lair:2   | 10825 ||| Stepping ~*~*~tactically~*~*~ (hiding).
 10844 | Lair:2   | 10844 ||| Stepping ~*~*~tactically~*~*~ (stealth).
 10845 | Lair:2   | 10845 ||| Stepping ~*~*~tactically~*~*~ (stealth).
 10876 | Lair:2   | 10876 ||| Stepping ~*~*~tactically~*~*~ (hiding).
 11117 | Lair:2   | 11117 ||| UPGRADING to +0 helmet.
 11122 | Lair:2   | 11122 ||| READING 4 scrolls of identify.
 11122 | Lair:2   | 11122 ||| IDENTIFYING fuming purple potion
 11123 | Lair:2   | 11123 ||| DROPPING potion of degeneration.
 11234 | Lair:3   | Noticed a skyshark
 11246 | Lair:3   | Killed a skyshark
 11247 | Lair:3   | Reached skill level 12 in Axes
 11248 | Lair:3   | 11248 ||| INVOKING Heroism.
 11291 | Lair:3   | 11291 ||| FLEEEEING.
 11292 | Lair:3   | 11292 ||| FLEEEEING.
 11293 | Lair:3   | 11293 ||| FLEEEEING.
 11294 | Lair:3   | 11294 ||| FLEEEEING.
 11298 | Lair:3   | 11298 ||| INVOKING Heroism.
 11345 | Lair:3   | 11345 ||| INVOKING Heroism.
 11361 | Lair:3   | Reached XP level 13. HP: 74/80 MP: 20/20
 11413 | Lair:3   | 11413 ||| INVOKING Heroism.
 11425 | Lair:3   | 11425 ||| INVOKING Heroism.
 11701 | Lair:3   | 11701 ||| DROPPING ring of wizardry.
 11783 | Lair:4   | 11783 ||| INVOKING Heroism.
 11937 | Lair:4   | Found a staircase to the Slime Pits.
 11938 | Lair:4   | 11938 ||| INVOKING Heroism.
 11983 | Lair:4   | Identified the +7 falchion "Fyckatol" {spect, rN+ rCorr
                  | Str-4 Dex+2}
 12084 | Lair:4   | 12084 ||| Stepping ~*~*~tactically~*~*~ (hiding).
 12090 | Lair:4   | 12090 ||| INVOKING Heroism.
 12140 | Lair:4   | 12140 ||| INVOKING Heroism.
 12368 | Lair:4   | Received a gift from Okawaru
 12408 | Lair:4   | 12408 ||| Stepping ~*~*~tactically~*~*~ (hiding).
 12414 | Lair:4   | 12414 ||| INVOKING Heroism.
 12430 | Lair:4   | 12430 ||| Stepping ~*~*~tactically~*~*~ (stealth).
 12431 | Lair:4   | 12431 ||| Stepping ~*~*~tactically~*~*~ (stealth).
 12437 | Lair:4   | 12437 ||| Stepping ~*~*~tactically~*~*~ (stealth).
 12440 | Lair:4   | 12440 ||| Stepping ~*~*~tactically~*~*~ (stealth).
 12441 | Lair:4   | 12441 ||| Stepping ~*~*~tactically~*~*~ (stealth).
 12443 | Lair:4   | 12443 ||| Stepping ~*~*~tactically~*~*~ (stealth).
 12456 | Lair:4   | Noticed a fire dragon
 12457 | Lair:4   | 12457 ||| Stepping ~*~*~tactically~*~*~ (stealth).
 12491 | Lair:4   | 12491 ||| Stepping ~*~*~tactically~*~*~ (stealth).
 12493 | Lair:4   | 12493 ||| Stepping ~*~*~tactically~*~*~ (hiding).
 12496 | Lair:4   | 12496 ||| INVOKING Heroism.
 12497 | Lair:4   | 12497 ||| INVOKING Finesse.
 12509 | Lair:4   | Killed a fire dragon
 12510 | Lair:4   | Reached skill level 13 in Axes
 12786 | Lair:4   | 12786 ||| READING 3 scrolls of identify.
 12786 | Lair:4   | 12786 ||| IDENTIFYING blue potion
 12801 | Lair:5   | Entered Level 5 of the Lair of Beasts
 12802 | Lair:5   | 12802 ||| INVOKING Heroism.
 12803 | Lair:5   | 12803 ||| INVOKING Finesse.
 12804 | Lair:5   | 12804 ||| SWAPPING to +0 flail.
 12808 | Lair:5   | 12808 ||| SWAPPING to +5 heavy broad axe.
 12895 | Lair:5   | 12895 ||| Stepping ~*~*~tactically~*~*~ (stealth).
 13012 | Lair:5   | 13012 ||| INVOKING Heroism.
 13013 | Lair:5   | 13013 ||| INVOKING Finesse.
 13014 | Lair:5   | 13014 ||| INVOKING Finesse.
 13018 | Lair:5   | 13018 ||| SWAPPING to +0 flail.
 13039 | Lair:5   | HP: 14/82 [death yak (12)]
 13040 | Lair:5   | 13040 ||| READING scroll of teleportation.
 13049 | Lair:5   | Received a gift from Okawaru
 13050 | Lair:5   | HP: 14/82 [six-headed hydra (1)]
 13052 | Lair:5   | 13052 ||| SWAPPING to +5 heavy broad axe.
 13292 | Lair:5   | 13292 ||| INVOKING Heroism.
 13301 | Lair:5   | Identified the -1 helmet "Ugash" {Harm Int+4} (Okawaru
                  | gifted it to you on level 5 of the Lair of Beasts)
 13301 | Lair:5   | Received a gift from Okawaru
 13379 | Lair:5   | 13379 ||| INVOKING Heroism.
 13393 | Lair:5   | Reached skill level 14 in Axes
 13451 | Lair:5   | 13451 ||| INVOKING Heroism.
 13488 | Lair:5   | 13488 ||| INVOKING Heroism.
 13489 | Lair:5   | 13489 ||| INVOKING Finesse.
 13651 | Lair:5   | 13651 ||| INVOKING Heroism.
 13655 | Lair:5   | 13655 ||| SWAPPING to +0 flail.
 13657 | Lair:5   | Gained mutation: Your large and strong wings let you fly.
                  | [Gargoyle growth]
 13657 | Lair:5   | Reached XP level 14. HP: 90/90 MP: 19/21
 13657 | Lair:5   | 13657 ||| SWAPPING to +5 heavy broad axe.
 13716 | Lair:5   | 13716 ||| Stepping ~*~*~tactically~*~*~ (stealth).
 13719 | Lair:5   | 13719 ||| INVOKING Heroism.
 13722 | Lair:5   | 13722 ||| Stepping ~*~*~tactically~*~*~ (stealth).
 13723 | Lair:5   | 13723 ||| SWAPPING to +0 flail.
 13748 | Lair:5   | Reached skill level 9 in Armour
 13748 | Lair:5   | 13748 ||| SWAPPING to +5 heavy broad axe.
 13778 | Lair:5   | 13778 ||| Stepping ~*~*~tactically~*~*~ (stealth).
 13779 | Lair:5   | 13779 ||| INVOKING Heroism.
 13907 | Lair:5   | 13907 ||| FLEEEEING.
 13908 | Lair:5   | 13908 ||| FLEEEEING.
 13909 | Lair:5   | 13909 ||| FLEEEEING.
 13910 | Lair:5   | 13910 ||| FLEEEEING.
 13911 | Lair:5   | 13911 ||| FLEEEEING.
 13912 | Lair:5   | 13912 ||| FLEEEEING.
 13913 | Lair:5   | 13913 ||| FLEEEEING.
 13914 | Lair:5   | 13914 ||| FLEEEEING.
 13921 | Lair:5   | 13921 ||| FLEEEEING.
 13922 | Lair:5   | 13922 ||| FLEEEEING.
 13923 | Lair:5   | 13923 ||| FLEEEEING.
 13924 | Lair:5   | 13924 ||| FLEEEEING.
 13925 | Lair:5   | 13925 ||| FLEEEEING.
 13981 | Lair:5   | Found a large runed translucent door.
 13981 | Lair:5   | Found a large runed translucent door.
 14016 | Lair:5   | 14016 ||| INVOKING Heroism.
 14033 | Lair:5   | Reached skill level 12 in Shields
 14051 | Lair:5   | 14051 ||| INVOKING Heroism.
 14341 | Lair:5   | 14341 ||| Stepping ~*~*~tactically~*~*~ (stealth).
 14343 | Lair:5   | 14343 ||| Stepping ~*~*~tactically~*~*~ (stealth).
 14688 | Lair:5   | 14688 ||| PLANNING D:1-11
 14688 | Lair:5   | 14688 ||| DROPPING -1 helmet "Ugash" {Harm Int+4}.
 14864 | D:9      | 14864 ||| INVOKING Heroism.
 15042 | D:9      | 15042 ||| Stepping ~*~*~tactically~*~*~ (stealth).
 15082 | D:9      | 15082 ||| Stepping ~*~*~tactically~*~*~ (hiding).
 15083 | D:9      | 15083 ||| Stepping ~*~*~tactically~*~*~ (hiding).
 15268 | D:9      | 15268 ||| Stepping ~*~*~tactically~*~*~ (stealth).
 15334 | D:9      | 15334 ||| Stepping ~*~*~tactically~*~*~ (hiding).
 15337 | D:9      | 15337 ||| Stepping ~*~*~tactically~*~*~ (hiding).
 15550 | D:9      | Found a sparkling altar of Nemelex Xobeh.
 15590 | D:9      | 15590 ||| Stepping ~*~*~tactically~*~*~ (stealth).
 16024 | D:9      | 16024 ||| READING 3 scrolls of identify.
 16024 | D:9      | 16024 ||| IDENTIFYING pink potion
 16025 | D:9      | 16025 ||| DROPPING potion of berserk rage.
 16030 | D:10     | Entered Level 10 of the Dungeon
 16039 | D:10     | 16039 ||| STAIRDANCE
 16065 | D:10     | 16065 ||| STAIRDANCE
 16111 | D:10     | 16111 ||| Stepping ~*~*~tactically~*~*~ (hiding).
 16115 | D:10     | 16115 ||| FLEEEEING.
 16116 | D:10     | 16116 ||| FLEEEEING.
 16117 | D:10     | 16117 ||| STAIRDANCE
 16261 | D:10     | 16261 ||| Stepping ~*~*~tactically~*~*~ (hiding).
 16406 | D:10     | Found a hazy altar of Hepliaklqana.
 16458 | D:10     | Found an ancient bone altar of Kikubaaqudgha.
 16524 | D:10     | Found Zet Veja's Magic Scroll Shop.
 16529 | D:10     | 16529 ||| BUYING scroll of brand weapon (104 gold).
 16529 | D:10     | Bought a scroll of brand weapon for 104 gold pieces
 16529 | D:10     | 16529 ||| BUYING scroll of identify (22 gold).
 16529 | D:10     | Bought a scroll of identify for 22 gold pieces
 16529 | D:10     | 16529 ||| READING scroll of brand weapon.
 16529 | D:10     | 16529 ||| BRANDING +5 heavy broad axe.
 16577 | D:10     | 16577 ||| INVOKING Heroism.
 16605 | D:10     | Noticed Amaemon
 16619 | D:10     | 16619 ||| INVOKING Heroism.
 16625 | D:10     | HP: 22/90 [sun demon (9)]
 16631 | D:10     | Killed Amaemon
 16631 | D:10     | Received a gift from Okawaru
 16632 | D:10     | Reached skill level 6 in Throwing
 16860 | D:10     | 16860 ||| READING scroll of enchant weapon.
 16860 | D:10     | 16860 ||| ENCHANTING +5 broad axe of venom.
 16996 | D:10     | 16996 ||| READING scroll of enchant weapon.
 16996 | D:10     | 16996 ||| ENCHANTING +6 broad axe of venom.
 17027 | D:10     | 17027 ||| Stepping ~*~*~tactically~*~*~ (hiding).
 17043 | D:10     | 17043 ||| Stepping ~*~*~tactically~*~*~ (stealth).
 17045 | D:10     | 17045 ||| Stepping ~*~*~tactically~*~*~ (hiding).
 17047 | D:10     | 17047 ||| Stepping ~*~*~tactically~*~*~ (hiding).
 17057 | D:10     | 17057 ||| INVOKING Heroism.
 17058 | D:10     | HP: 22/90 [sun demon (6)]
 17360 | D:10     | 17360 ||| READING 4 scrolls of identify.
 17360 | D:10     | 17360 ||| IDENTIFYING red potion
 17361 | D:10     | 17361 ||| DROPPING potion of brilliance.
 17394 | D:11     | Received a gift from Okawaru
 17406 | D:11     | 17406 ||| Stepping ~*~*~tactically~*~*~ (hiding).
 17407 | D:11     | 17407 ||| FLEEEEING.
 17433 | D:11     | Found a staircase to the Orcish Mines.
 17442 | D:11     | Found Quafrergh's Armour Emporium.
 17454 | D:11     | 17454 ||| BUYING +2 plate armour of fire resistance (520
                  | gold).
 17454 | D:11     | Bought a +2 plate armour of fire resistance for 520 gold
                  | pieces
 17484 | D:11     | 17484 ||| DROPPING +0 mace of draining.
 17506 | D:11     | Found a glowing silver altar of Zin.
 17524 | D:11     | 17524 ||| READING scroll of enchant weapon.
 17524 | D:11     | 17524 ||| ENCHANTING +7 broad axe of venom.
 17640 | D:11     | Reached skill level 15 in Axes
 17721 | D:11     | 17721 ||| Stepping ~*~*~tactically~*~*~ (hiding).
 17788 | D:11     | 17788 ||| INVOKING Heroism.
 17814 | D:11     | Reached skill level 3 in Dodging
 17849 | D:11     | Received a gift from Okawaru
 17851 | D:11     | 17851 ||| INVOKING Heroism.
 17867 | D:11     | Received a gift from Okawaru
 17893 | D:11     | 17893 ||| FLEEEEING.
 17894 | D:11     | 17894 ||| FLEEEEING.
 17896 | D:11     | 17896 ||| FLEEEEING.
 17897 | D:11     | 17897 ||| FLEEEEING.
 17904 | D:11     | 17904 ||| FLEEEEING.
 17905 | D:11     | 17905 ||| FLEEEEING.
 17906 | D:11     | 17906 ||| FLEEEEING.
 17907 | D:11     | 17907 ||| FLEEEEING.
 17908 | D:11     | 17908 ||| FLEEEEING.
 17909 | D:11     | 17909 ||| FLEEEEING.
 17910 | D:11     | 17910 ||| FLEEEEING.
 17911 | D:11     | 17911 ||| FLEEEEING.
 17912 | D:11     | 17912 ||| FLEEEEING.
 17913 | D:11     | 17913 ||| INVOKING Heroism.
 18110 | D:11     | 18110 ||| Stepping ~*~*~tactically~*~*~ (hiding).
 18119 | D:11     | 18119 ||| INVOKING Heroism.
 18120 | D:11     | 18120 ||| INVOKING Finesse.
 18179 | D:11     | 18179 ||| Stepping ~*~*~tactically~*~*~ (stealth).
 18182 | D:11     | 18182 ||| Stepping ~*~*~tactically~*~*~ (stealth).
 18339 | D:11     | 18339 ||| Stepping ~*~*~tactically~*~*~ (hiding).
 18340 | D:11     | 18340 ||| Stepping ~*~*~tactically~*~*~ (hiding).
 18341 | D:11     | 18341 ||| Stepping ~*~*~tactically~*~*~ (hiding).
 18342 | D:11     | 18342 ||| Stepping ~*~*~tactically~*~*~ (hiding).
 18343 | D:11     | 18343 ||| Stepping ~*~*~tactically~*~*~ (hiding).
 18572 | D:11     | 18572 ||| Stepping ~*~*~tactically~*~*~ (hiding).
 18581 | D:11     | Reached skill level 12 in Fighting
 18642 | D:11     | 18642 ||| INVOKING Heroism.
 18655 | D:11     | Reached XP level 15. HP: 73/96 MP: 20/22
 18658 | D:11     | 18658 ||| Stepping ~*~*~tactically~*~*~ (stealth).
 18662 | D:11     | 18662 ||| Stepping ~*~*~tactically~*~*~ (stealth).
 18663 | D:11     | 18663 ||| Stepping ~*~*~tactically~*~*~ (hiding).
 18665 | D:11     | 18665 ||| Stepping ~*~*~tactically~*~*~ (hiding).
 18667 | D:11     | Identified the +10 scimitar "Afioz" {drain, rElec rF++}
 18680 | D:11     | 18680 ||| Stepping ~*~*~tactically~*~*~ (hiding).
 18746 | D:11     | 18746 ||| DROPPING +0 flail.
 18759 | D:11     | Found a stormy altar of Qazlal.
 18759 | D:11     | Found an ancient bone altar of Kikubaaqudgha.
 18764 | D:11     | 18764 ||| Stepping randomly (disturbance).
 18778 | D:11     | Found an ornate altar of the Wu Jian Council.
 18778 | D:11     | Found a basalt altar of Yredelemnul.
 18805 | D:11     | 18805 ||| Stepping ~*~*~tactically~*~*~ (stealth).
 18869 | D:11     | Found a radiant altar of Vehumet.
 19017 | D:11     | 19017 ||| PLANNING D
 19017 | D:11     | 19017 ||| DROPPING +0 plate armour.
 19018 | D:11     | 19018 ||| UPGRADING to +0 cloak.
 19023 | D:11     | 19023 ||| UPGRADING to +2 plate armour of fire resistance.
 19033 | D:11     | 19033 ||| DROPPING +2 chain mail of fire resistance.
 19034 | D:11     | 19034 ||| UPGRADING to ring of protection from cold.
 19036 | D:11     | 19036 ||| READING scroll labelled UKHLEE MUOQ.
 19037 | D:11     | 19037 ||| READING 3 scrolls of identify.
 19037 | D:11     | 19037 ||| IDENTIFYING black potion
 19268 | D:12     | 19268 ||| Stepping ~*~*~tactically~*~*~ (hiding).
 19269 | D:12     | 19269 ||| Stepping ~*~*~tactically~*~*~ (hiding).
 19270 | D:12     | 19270 ||| Stepping ~*~*~tactically~*~*~ (hiding).
 19285 | D:12     | 19285 ||| Stepping ~*~*~tactically~*~*~ (hiding).
 19294 | D:12     | 19294 ||| Stepping ~*~*~tactically~*~*~ (hiding).
 19500 | D:12     | 19500 ||| Stepping ~*~*~tactically~*~*~ (hiding).
 19627 | D:12     | 19627 ||| READING scroll of enchant weapon.
 19627 | D:12     | 19627 ||| ENCHANTING +8 broad axe of venom.
 19955 | D:12     | 19955 ||| DROPPING amulet of magic regeneration.
 19988 | D:13     | Noticed Kirke
 19989 | D:13     | 19989 ||| Stepping ~*~*~tactically~*~*~ (stealth).
 19992 | D:13     | 19992 ||| INVOKING Heroism.
 19993 | D:13     | 19993 ||| INVOKING Finesse.
 20009 | D:13     | Killed Kirke
 20009 | D:13     | Received a gift from Okawaru
 20190 | D:13     | Found a gate to the Vaults.
 20191 | D:13     | 20191 ||| Stepping ~*~*~tactically~*~*~ (hiding).
 20202 | D:13     | 20202 ||| INVOKING Heroism.
 20291 | D:13     | 20291 ||| Stepping ~*~*~tactically~*~*~ (hiding).
 20294 | D:13     | Noticed Snorg
 20307 | D:13     | Killed Snorg
 20344 | D:13     | Noticed Rupert
 20345 | D:13     | 20345 ||| INVOKING Heroism.
 20346 | D:13     | 20346 ||| INVOKING Finesse.
 20360 | D:13     | Killed Rupert
 20479 | D:13     | 20479 ||| Stepping ~*~*~tactically~*~*~ (stealth).
 20533 | D:13     | 20533 ||| READING 3 scrolls of enchant armour.
 20533 | D:13     | 20533 ||| ENCHANTING +2 plate armour of fire resistance.
 20534 | D:13     | 20534 ||| READING 2 scrolls of enchant armour.
 20534 | D:13     | 20534 ||| ENCHANTING +3 plate armour of fire resistance.
 20535 | D:13     | 20535 ||| READING scroll of enchant armour.
 20535 | D:13     | 20535 ||| ENCHANTING +4 plate armour of fire resistance.
 20543 | D:13     | 20543 ||| Stepping ~*~*~tactically~*~*~ (hiding).
 20683 | D:13     | 20683 ||| INVOKING Heroism.
 20686 | D:13     | 20686 ||| SWAPPING to -1 demon whip of venom.
 20688 | D:13     | Received a gift from Okawaru
 20689 | D:13     | 20689 ||| SWAPPING to +9 broad axe of venom.
 21249 | D:13     | 21249 ||| UPGRADING to ring of willpower.
 21332 | D:14     | Found a frozen archway.
 21342 | D:14     | 21342 ||| FLEEEEING.
 21343 | D:14     | 21343 ||| FLEEEEING.
 21344 | D:14     | 21344 ||| FLEEEEING.
 21345 | D:14     | 21345 ||| FLEEEEING.
 21346 | D:14     | 21346 ||| FLEEEEING.
 21347 | D:14     | 21347 ||| FLEEEEING.
 21348 | D:14     | 21348 ||| FLEEEEING.
 21349 | D:14     | 21349 ||| FLEEEEING.
 21350 | D:14     | 21350 ||| FLEEEEING.
 21351 | D:14     | 21351 ||| FLEEEEING.
 21352 | D:14     | 21352 ||| FLEEEEING.
 21353 | D:14     | 21353 ||| FLEEEEING.
 21354 | D:14     | 21354 ||| FLEEEEING.
 21355 | D:14     | 21355 ||| STAIRDANCE
 21462 | D:14     | 21462 ||| STAIRDANCE
 21471 | D:13     | Received a gift from Okawaru
 21547 | D:14     | 21547 ||| STAIRDANCE
 21549 | D:13     | 21549 ||| INVOKING Heroism.
 21561 | D:13     | Reached skill level 12 in Armour
 21695 | D:14     | 21695 ||| STAIRDANCE
 21740 | D:14     | Noticed Josephine
 21742 | D:14     | 21742 ||| INVOKING Heroism.
 21745 | D:14     | HP: 22/96 [centaur warrior/arrow (18)]
 21746 | D:14     | 21746 ||| READING 2 scrolls of teleportation.
 21754 | D:14     | Killed Josephine
 21992 | D:14     | 21992 ||| Stepping ~*~*~tactically~*~*~ (stealth).
 22098 | D:14     | 22098 ||| Stepping ~*~*~tactically~*~*~ (stealth).
 22099 | D:14     | 22099 ||| Stepping ~*~*~tactically~*~*~ (stealth).
 22104 | D:14     | 22104 ||| Stepping ~*~*~tactically~*~*~ (hiding).
 22137 | D:14     | 22137 ||| Stepping ~*~*~tactically~*~*~ (stealth).
 22197 | D:14     | 22197 ||| READING scroll of enchant armour.
 22197 | D:14     | 22197 ||| ENCHANTING +5 plate armour of fire resistance.
 22383 | D:14     | Found a radiant altar of Vehumet.
 22384 | D:14     | 22384 ||| INVOKING Heroism.
 22385 | D:14     | 22385 ||| INVOKING Finesse.
 22718 | D:14     | 22718 ||| READING scroll of enchant armour.
 22718 | D:14     | 22718 ||| ENCHANTING +6 plate armour of fire resistance.
 22858 | D:14     | 22858 ||| UPGRADING to +6 ring of strength.
 22860 | D:14     | 22860 ||| UPGRADING to ring of protection from cold.
 22905 | D:15     | Entered Level 15 of the Dungeon
 22908 | D:15     | 22908 ||| INVOKING Heroism.
 22909 | D:15     | Found a staircase to the Depths.
 22916 | D:15     | Reached skill level 16 in Axes
 22917 | D:15     | Received a gift from Okawaru
 23128 | D:15     | 23128 ||| INVOKING Heroism.
 23361 | D:15     | Received a gift from Okawaru
 23423 | D:15     | 23423 ||| FLEEEEING.
 23424 | D:15     | 23424 ||| FLEEEEING.
 23426 | D:15     | 23426 ||| STAIRDANCE
 23530 | D:15     | 23530 ||| Stepping ~*~*~tactically~*~*~ (hiding).
 23548 | D:15     | 23548 ||| INVOKING Heroism.
 23742 | D:15     | 23742 ||| Stepping ~*~*~tactically~*~*~ (stealth).
 23744 | D:15     | 23744 ||| Stepping ~*~*~tactically~*~*~ (stealth).
 23810 | D:15     | Found Evuukym's Book Emporium.
 23810 | D:15     | Noticed a walking crystal tome
 23810 | D:15     | Noticed a walking earthen tome
 24067 | D:15     | Found a broken altar of Ashenzari.
 24076 | D:15     | 24076 ||| PLANNING ORC
 24195 | Orc:1    | Entered Level 1 of the Orcish Mines
 24202 | Orc:1    | 24202 ||| INVOKING Heroism.
 24216 | Orc:1    | 24216 ||| DRINKING potion of cancellation.
 24365 | Orc:1    | 24365 ||| Stepping ~*~*~tactically~*~*~ (stealth).
 24395 | Orc:1    | 24395 ||| FLEEEEING.
 24396 | Orc:1    | Noticed Blork the orc
 24397 | Orc:1    | 24397 ||| FLEEEEING.
 24403 | Orc:1    | Killed Blork the orc
 24416 | Orc:1    | 24416 ||| INVOKING Heroism.
 24457 | Orc:1    | 24457 ||| Stepping ~*~*~tactically~*~*~ (hiding).
 24688 | Orc:1    | Found the +3 hat of Pondering {ponderous, Will+ MP+10
                  | Int+5}
 24698 | Orc:1    | Identified the +4 robe of Inevitability {rN++ Will+ Str-5
                  | SInv}
 24721 | Orc:1    | 24721 ||| DROPPING +2 hat.
 24722 | Orc:1    | 24722 ||| DROPPING +1 hat.
 24723 | Orc:1    | 24723 ||| DROPPING +1 hat.
 24753 | Orc:2    | Entered Level 2 of the Orcish Mines
 24753 | Orc:2    | Noticed an orc warlord
 24754 | Orc:2    | 24754 ||| INVOKING Heroism.
 24755 | Orc:2    | 24755 ||| INVOKING Finesse.
 24764 | Orc:2    | Reached XP level 16. HP: 101/101 MP: 16/23
 24813 | Orc:2    | 24813 ||| DROPPING -1 demon whip of venom.
 24814 | Orc:2    | 24814 ||| DROPPING +0 morningstar of protection.
 24836 | Orc:1    | Noticed Gastronok
 24850 | Orc:1    | Killed Gastronok
 24850 | Orc:1    | Received a gift from Okawaru
 25066 | Orc:2    | Found a staircase to the Elven Halls.
 25084 | Orc:2    | 25084 ||| Stepping ~*~*~tactically~*~*~ (stealth).
 25085 | Orc:2    | 25085 ||| Stepping ~*~*~tactically~*~*~ (stealth).
 25089 | Orc:2    | 25089 ||| Stepping ~*~*~tactically~*~*~ (stealth).
 25091 | Orc:2    | 25091 ||| Stepping ~*~*~tactically~*~*~ (hiding).
 25092 | Orc:2    | 25092 ||| Stepping ~*~*~tactically~*~*~ (hiding).
 25184 | Orc:2    | 25184 ||| Stepping ~*~*~tactically~*~*~ (stealth).
 25225 | Orc:2    | 25225 ||| INVOKING Heroism.
 25226 | Orc:2    | 25226 ||| INVOKING Finesse.
 25258 | Orc:2    | 25258 ||| Stepping ~*~*~tactically~*~*~ (stealth).
 25264 | Orc:2    | Reached skill level 17 in Axes
 25304 | Orc:2    | Received a gift from Okawaru
 25336 | Orc:2    | 25336 ||| FLEEEEING.
 25338 | Orc:2    | 25338 ||| Stepping ~*~*~tactically~*~*~ (stealth).
 25351 | Orc:2    | Identified the +7 war axe "Gefeof Qado" {drain, rN+ Str+4
                  | Dex+2} (Okawaru gifted it to you on level 2 of the Orcish
                  | Mines)
 25351 | Orc:2    | Received a gift from Okawaru
 25375 | Orc:2    | 25375 ||| INVOKING Heroism.
 25421 | Orc:2    | 25421 ||| Stepping ~*~*~tactically~*~*~ (stealth).
 25446 | Orc:2    | Found Gireshri's Antique Weapon Shop.
 25447 | Orc:2    | Found Oguze's Book Shoppe.
 25447 | Orc:2    | Found Malur's Armour Boutique.
 25447 | Orc:2    | Found Kompuet's General Store.
 25448 | Orc:2    | 25448 ||| INVOKING Heroism.
 25472 | Orc:2    | 25472 ||| BUYING potion of curing (36 gold).
 25472 | Orc:2    | Bought a potion of curing for 36 gold pieces
 25473 | Orc:2    | 25473 ||| BUYING +1 pair of gloves of strength (181 gold).
 25473 | Orc:2    | Bought a +1 pair of gloves of strength for 181 gold pieces
 25473 | Orc:2    | 25473 ||| BUYING +8 chain mail "Wooti" {rF+ rC+ Will+
                  | Dex+4} (874 gold).
 25473 | Orc:2    | Bought the +8 chain mail "Wooti" {rF+ rC+ Will+ Dex+4} for
                  | 874 gold pieces
 25511 | Orc:2    | 25511 ||| Stepping ~*~*~tactically~*~*~ (hiding).
 25512 | Orc:2    | 25512 ||| Stepping ~*~*~tactically~*~*~ (hiding).
 25514 | Orc:2    | 25514 ||| Stepping ~*~*~tactically~*~*~ (hiding).
 25835 | Orc:2    | 25835 ||| PLANNING SNAKE:1-3
 25835 | Orc:2    | 25835 ||| DROPPING +3 plate armour of cold resistance.
 25836 | Orc:2    | 25836 ||| UPGRADING to +1 pair of gloves of strength.
 25846 | Orc:2    | 25846 ||| DROPPING +0 pair of gloves.
 25847 | Orc:2    | 25847 ||| UPGRADING to +8 chain mail "Wooti" {rF+ rC+ Will+
                  | Dex+4}.
 25857 | Orc:2    | 25857 ||| UPGRADING to ring of willpower.
 26042 | Snake:1  | Entered Level 1 of the Snake Pit
 26144 | Snake:1  | 26144 ||| Stepping ~*~*~tactically~*~*~ (hiding).
 26145 | Snake:1  | 26145 ||| Stepping ~*~*~tactically~*~*~ (hiding).
 26147 | Snake:1  | 26147 ||| Stepping ~*~*~tactically~*~*~ (hiding).
 26149 | Snake:1  | 26149 ||| Stepping ~*~*~tactically~*~*~ (hiding).
 26151 | Snake:1  | 26151 ||| Stepping ~*~*~tactically~*~*~ (hiding).
 26154 | Snake:1  | 26154 ||| Stepping ~*~*~tactically~*~*~ (hiding).
 26160 | Snake:1  | 26160 ||| Stepping ~*~*~tactically~*~*~ (hiding).
 26220 | Snake:1  | 26220 ||| Stepping ~*~*~tactically~*~*~ (hiding).
 26432 | Snake:1  | 26432 ||| Stepping ~*~*~tactically~*~*~ (hiding).
 26499 | Snake:1  | 26499 ||| Stepping ~*~*~tactically~*~*~ (stealth).
 26581 | Snake:1  | 26581 ||| Stepping ~*~*~tactically~*~*~ (hiding).
 26589 | Snake:1  | 26589 ||| INVOKING Heroism.
 26717 | Snake:1  | Found Cokk's Distillery.
 26722 | Snake:1  | Found Zoprukov's Antique Weapon Shop.
 26726 | Snake:1  | 26726 ||| BUYING potion of curing (42 gold).
 26726 | Snake:1  | Bought a potion of curing for 42 gold pieces
 26726 | Snake:1  | 26726 ||| BUYING potion of curing (42 gold).
 26726 | Snake:1  | Bought a potion of curing for 42 gold pieces
 26726 | Snake:1  | 26726 ||| BUYING potion of curing (42 gold).
 26726 | Snake:1  | Bought a potion of curing for 42 gold pieces
 26726 | Snake:1  | 26726 ||| BUYING potion of curing (42 gold).
 26726 | Snake:1  | Bought a potion of curing for 42 gold pieces
 26726 | Snake:1  | 26726 ||| BUYING potion of curing (42 gold).
 26726 | Snake:1  | Bought a potion of curing for 42 gold pieces
 26726 | Snake:1  | 26726 ||| BUYING potion of haste (140 gold).
 26726 | Snake:1  | Bought a potion of haste for 140 gold pieces
 26792 | Snake:1  | 26792 ||| Stepping ~*~*~tactically~*~*~ (hiding).
 26796 | Snake:1  | 26796 ||| Stepping ~*~*~tactically~*~*~ (hiding).
 26799 | Snake:1  | 26799 ||| INVOKING Heroism.
 26972 | Snake:1  | 26972 ||| Stepping ~*~*~tactically~*~*~ (hiding).
 27193 | Snake:1  | 27193 ||| Stepping ~*~*~tactically~*~*~ (stealth).
 27228 | Snake:1  | Received a gift from Okawaru
 27228 | Snake:1  | Found the +3 pair of gauntlets of War {Slay+5}
 27425 | Snake:1  | 27425 ||| UPGRADING to +3 pair of gauntlets of War
                  | {Slay+5}.
 27435 | Snake:1  | 27435 ||| DROPPING +1 pair of gloves of strength.
 27466 | Snake:2  | Found Xumab's Vocational Training.
 27519 | Snake:2  | 27519 ||| INVOKING Heroism.
 27757 | Snake:2  | 27757 ||| Stepping ~*~*~tactically~*~*~ (hiding).
 27781 | Snake:2  | Found Popostew's Jewellery Emporium.
 27791 | Snake:2  | 27791 ||| BUYING amulet of the acrobat (540 gold).
 27791 | Snake:2  | Bought an amulet of the acrobat for 540 gold pieces
 27791 | Snake:2  | 27791 ||| SHOPLISTING ring of protection from fire (450
                  | gold, have 242).
 27878 | Snake:2  | Noticed a nagaraja
 27879 | Snake:2  | 27879 ||| INVOKING Heroism.
 27887 | Snake:2  | Killed a nagaraja
 27956 | Snake:2  | 27956 ||| Stepping ~*~*~tactically~*~*~ (hiding).
 27957 | Snake:2  | 27957 ||| Stepping ~*~*~tactically~*~*~ (hiding).
 27961 | Snake:2  | 27961 ||| INVOKING Heroism.
 28132 | Snake:2  | 28132 ||| INVOKING Heroism.
 28267 | Snake:2  | Reached XP level 17. HP: 97/108 MP: 24/24
 28415 | Snake:2  | 28415 ||| Stepping ~*~*~tactically~*~*~ (hiding).
 28419 | Snake:2  | 28419 ||| Stepping ~*~*~tactically~*~*~ (hiding).
 28657 | Snake:2  | Received a gift from Okawaru
 28682 | Snake:3  | Reached skill level 18 in Axes
 28695 | Snake:3  | 28695 ||| INVOKING Heroism.
 28715 | Snake:3  | 28715 ||| Stepping ~*~*~tactically~*~*~ (hiding).
 28749 | Snake:3  | 28749 ||| Stepping ~*~*~tactically~*~*~ (hiding).
 28750 | Snake:3  | 28750 ||| Stepping ~*~*~tactically~*~*~ (hiding).
 28753 | Snake:3  | 28753 ||| Stepping ~*~*~tactically~*~*~ (hiding).
 28776 | Snake:3  | Received a gift from Okawaru
 28891 | Snake:3  | 28891 ||| Stepping ~*~*~tactically~*~*~ (stealth).
 28893 | Snake:3  | 28893 ||| Stepping ~*~*~tactically~*~*~ (stealth).
 28954 | Snake:3  | 28954 ||| READING scroll of enchant armour.
 28954 | Snake:3  | 28954 ||| ENCHANTING +0 helmet.
 29145 | Snake:3  | 29145 ||| INVOKING Heroism.
 29178 | Snake:3  | 29178 ||| Stepping ~*~*~tactically~*~*~ (hiding).
 29180 | Snake:3  | 29180 ||| Stepping ~*~*~tactically~*~*~ (hiding).
 29182 | Snake:3  | 29182 ||| Stepping ~*~*~tactically~*~*~ (hiding).
 29196 | Snake:3  | 29196 ||| Stepping ~*~*~tactically~*~*~ (stealth).
 29225 | Snake:3  | 29225 ||| Stepping ~*~*~tactically~*~*~ (stealth).
 29227 | Snake:3  | 29227 ||| Stepping ~*~*~tactically~*~*~ (stealth).
 29231 | Snake:3  | Reached ****** piety under Okawaru
 29231 | Snake:3  | Identified the +0 robe of Salvation {rF+ rN+} (Okawaru
                  | gifted it to you on level 3 of the Snake Pit)
 29231 | Snake:3  | Received a gift from Okawaru
 29508 | Snake:3  | 29508 ||| PLANNING SHOALS:1-3
 29619 | Shoals:1 | Entered Level 1 of the Shoals
 29634 | Shoals:1 | 29634 ||| Stepping ~*~*~tactically~*~*~ (hiding).
 29637 | Shoals:1 | 29637 ||| Stepping ~*~*~tactically~*~*~ (hiding).
 29701 | Shoals:1 | 29701 ||| Stepping ~*~*~tactically~*~*~ (stealth).
 29703 | Shoals:1 | 29703 ||| Stepping ~*~*~tactically~*~*~ (hiding).
 29707 | Shoals:1 | Noticed Donald
 29708 | Shoals:1 | 29708 ||| INVOKING Heroism.
 29709 | Shoals:1 | 29709 ||| INVOKING Finesse.
 29723 | Shoals:1 | Killed Donald
 29732 | Shoals:1 | Noticed Jorgrun
 29748 | Shoals:1 | Killed Jorgrun
 29753 | Shoals:1 | 29753 ||| Stepping ~*~*~tactically~*~*~ (hiding).
 29823 | Shoals:1 | 29823 ||| Stepping ~*~*~tactically~*~*~ (hiding).
 29832 | Shoals:1 | 29832 ||| INVOKING Heroism.
 29861 | Shoals:1 | 29861 ||| FLEEEEING.
 29862 | Shoals:1 | 29862 ||| FLEEEEING.
 29863 | Shoals:1 | 29863 ||| FLEEEEING.
 29864 | Shoals:1 | 29864 ||| FLEEEEING.
 29865 | Shoals:1 | 29865 ||| FLEEEEING.
 29866 | Shoals:1 | 29866 ||| FLEEEEING.
 29867 | Shoals:1 | 29867 ||| FLEEEEING.
 29868 | Shoals:1 | 29868 ||| FLEEEEING.
 29869 | Shoals:1 | 29869 ||| FLEEEEING.
 29870 | Shoals:1 | 29870 ||| FLEEEEING.
 29871 | Shoals:1 | 29871 ||| FLEEEEING.
 29872 | Shoals:1 | 29872 ||| FLEEEEING.
 29873 | Shoals:1 | 29873 ||| FLEEEEING.
 29874 | Shoals:1 | 29874 ||| FLEEEEING.
 29875 | Shoals:1 | 29875 ||| Stepping ~*~*~tactically~*~*~ (hiding).
 29876 | Shoals:1 | 29876 ||| FLEEEEING.
 29944 | Shoals:1 | 29944 ||| INVOKING Heroism.
 30110 | Shoals:1 | Identified Roxanne's Volume of Shaping
 30110 | Shoals:1 | Noticed Roxanne
 30111 | Shoals:1 | 30111 ||| INVOKING Heroism.
 30112 | Shoals:1 | 30112 ||| INVOKING Finesse.
 30153 | Shoals:1 | Killed Roxanne
 30590 | Shoals:1 | 30590 ||| Stepping ~*~*~tactically~*~*~ (hiding).
 30628 | Shoals:1 | 30628 ||| Stepping ~*~*~tactically~*~*~ (hiding).
 30629 | Shoals:1 | 30629 ||| Stepping ~*~*~tactically~*~*~ (hiding).
 30634 | Shoals:1 | 30634 ||| INVOKING Heroism.
 30652 | Shoals:1 | 30652 ||| Stepping ~*~*~tactically~*~*~ (hiding).
 30662 | Shoals:1 | Noticed a titan
 30671 | Shoals:1 | Reached skill level 15 in Fighting
 30683 | Shoals:1 | 30683 ||| Stepping ~*~*~tactically~*~*~ (hiding).
 30686 | Shoals:1 | 30686 ||| INVOKING Heroism.
 30693 | Shoals:1 | Killed a titan
 31036 | Shoals:1 | 31036 ||| UPGRADING to +0 kite shield of reflection.
 31046 | Shoals:1 | 31046 ||| DROPPING +0 kite shield.
 31047 | Shoals:1 | 31047 ||| DROPPING ring of positive energy.
 31087 | Shoals:2 | 31087 ||| Stepping ~*~*~tactically~*~*~ (hiding).
 31088 | Shoals:2 | 31088 ||| Stepping ~*~*~tactically~*~*~ (hiding).
 31093 | Shoals:2 | 31093 ||| Stepping ~*~*~tactically~*~*~ (hiding).
 31094 | Shoals:2 | 31094 ||| Stepping ~*~*~tactically~*~*~ (hiding).
 31095 | Shoals:2 | 31095 ||| Stepping ~*~*~tactically~*~*~ (hiding).
 31231 | Shoals:2 | Received a gift from Okawaru
 31302 | Shoals:2 | 31302 ||| INVOKING Heroism.
 31357 | Shoals:2 | 31357 ||| Stepping ~*~*~tactically~*~*~ (hiding).
 31359 | Shoals:2 | 31359 ||| INVOKING Heroism.
 31360 | Shoals:2 | 31360 ||| Stepping ~*~*~tactically~*~*~ (hiding).
 31362 | Shoals:2 | 31362 ||| INVOKING Finesse.
 31576 | Shoals:2 | 31576 ||| INVOKING Heroism.
 31706 | Shoals:2 | Noticed a kraken
 31714 | Shoals:2 | Killed a kraken
 31715 | Shoals:2 | Reached skill level 6 in Dodging
 31772 | Shoals:2 | 31772 ||| INVOKING Heroism.
 32009 | Shoals:2 | 32009 ||| INVOKING Heroism.
 32021 | Shoals:2 | Reached XP level 18. HP: 76/119 MP: 23/25
 32131 | Shoals:2 | 32131 ||| DROPPING +1 hand axe of flaming.
 32169 | Shoals:2 | 32169 ||| Stepping ~*~*~tactically~*~*~ (hiding).
 32376 | Shoals:2 | 32376 ||| READING scroll labelled QIAREN AKUNG.
 32488 | Shoals:3 | 32488 ||| INVOKING Heroism.
 32489 | Shoals:3 | 32489 ||| INVOKING Finesse.
 32542 | Shoals:3 | 32542 ||| Stepping ~*~*~tactically~*~*~ (hiding).
 32548 | Shoals:3 | 32548 ||| Stepping ~*~*~tactically~*~*~ (hiding).
 32561 | Shoals:3 | 32561 ||| Stepping ~*~*~tactically~*~*~ (hiding).
 32562 | Shoals:3 | 32562 ||| Stepping ~*~*~tactically~*~*~ (hiding).
 32751 | Shoals:3 | Found a runed translucent door.
 32754 | Shoals:3 | Noticed Polyphemus
 32755 | Shoals:3 | 32755 ||| INVOKING Heroism.
 32756 | Shoals:3 | 32756 ||| INVOKING Finesse.
 32779 | Shoals:3 | Killed Polyphemus
 33012 | Shoals:3 | Reached skill level 15 in Shields
 33124 | Shoals:3 | 33124 ||| Stepping ~*~*~tactically~*~*~ (hiding).
 33126 | Shoals:3 | 33126 ||| Stepping ~*~*~tactically~*~*~ (hiding).
 33175 | Shoals:3 | 33175 ||| INVOKING Heroism.
 33177 | Shoals:3 | Noticed Nikola
 33178 | Shoals:3 | 33178 ||| INVOKING Finesse.
 33188 | Shoals:3 | HP: 20/119 [Nikola/arc of chain lightning (59)]
 33189 | Shoals:3 | 33189 ||| READING 2 scrolls of teleportation.
 33189 | Shoals:3 | Killed from afar by Nikola

Levels and vault maps discovered:
D:1:      dpeg_arrival_shelter, layout_loops_corners, minmay_tromino_v4_c
D:2:      layout_basic, nicolae_ecumenical_snake_handling
D:3:      layout_basic, good_gods_mini_temple, ebering_ghost_reflecting_pool,
          item_on_display_a, uniq_natasha, uniq_grinder, uniq_ijyb
D:4:      layout_loops_ring, tgw_fedhas, uniq_sigmund
D:5:      lemuel_insect_pit, layout_gridville, hangedman_ru_absence,
          kennysheep_orc_sif_temple
D:6:      layout_gridville, jmf_multi_god_temple, minmay_manual_mess
D:7:      nzn_winding_woodlands_three_and_one
          [nzn_winding_woodlands_5x15_pockets, nzn_winding_woodlands_5x15_twine,
          nzn_winding_woodlands_5x15_garden,
          nzn_winding_woodlands_center_triple_pond], layout_loops_ring,
          lemuel_doored_altar, mainiacjoe_overflow_tiny_flanked,
          trog_ov_bears_minmay, minmay_temple_entry_junction_2, minmay_ruffians,
          uniq_menkaure
D:8:      nicolae_cairo_tiling_large, layout_rooms, kennysheep_mini_moat,
          enter_bailey_3
D:9:      layout_stronghold, nemelex_xobeh_ov_fountains_minmay
D:10:     layout_loops_ring, kennysheep_little_box,
          mainiacjoe_overflow_six_doors_small, serial_shops,
          nicolae_shop_crystal, serial_demonic, serial_demonic_f,
          serial_demonic_c, serial_demonic_b, serial_demonic_a,
          serial_demonic_e, serial_demonic_f, uniq_amaemon
D:11:     minmay_the_grid_octo_tiled_octocenter_mashed
          [minmay_the_grid_octo_vomiting_pacman, minmay_the_grid_octo_shrine,
          minmay_the_grid_octo_fan_narrow, minmay_the_grid_octo_thin_diamonds,
          minmay_the_grid_octo_prize_ultimate_mussel_roller,
          minmay_the_grid_square_5x5_bridge,
          minmay_the_grid_square_5x5_checkered_sparse,
          minmay_the_grid_square_5x5_slash,
          minmay_the_grid_square_5x5_hollow_slash], layout_cross, orc_david_3,
          nicolae_concentric_dashed_squares_wild, zin_statuary
D:12:     layout_basic, hex_medium
D:13:     layout_basic, david_vaults_1, serial_curves, eino_curves_02,
          eino_curves_02, eino_curves_02, uniq_snorg, uniq_rupert, uniq_kirke
D:14:     layout_cave_pods, hangedman_decor_riveting,
          portal_ice_cave_entry_pillars_four, serial_park_tiny_2,
          vehumet_statue, uniq_josephine
D:15:     gammafunk_depths_entry_grave, layout_irregular_city,
          ashenzari_altar_1, serial_shops, nicolae_shop_mannequins
Temple:   hellmonk_temple_beads
Lair:1:   layout_gridlike, chequers_serial_rivers_room_a, uniq_prince_ribbit2,
          uniq_urug
Lair:2:   layout_cave_pods, elwin_shoals_entry_stream,
          minmay_snake_entry_guardpost_medium, grunt_megastairs_2, uniq_erica
Lair:3:   layout_big_grid, st_stairs_13
Lair:4:   layout_regular_city, slime_entry_1, bobbens_dragon_lair_wall
Lair:5:   cheibrodos_lair_end_hotspot, layout_long_grid
Shoals:1: cheibrodos_shoals_gigantism, layout_shoals, st_cyclops, uniq_jorgrun,
          uniq_roxanne, uniq_donald
Shoals:2: layout_shoals
Shoals:3: layout_shoals, lightli_airlock, uniq_nikola, uniq_polyphemus
Snake:1:  layout_layer_cave, minmay_shoptagon, nicolae_triple_integral
Snake:2:  layout_cave_pods, serial_shops, shop, nicolae_shop_vocational
Snake:3:  layout_misc_corridors
Orc:1:    layout_caves, hangedman_minor_magic, uniq_gastronok
Orc:2:    st_orc_ogre_mass, layout_diamond_mine

Skill      XL: |  1  2  3  4  5  6  7  8  9 10 11 12 13 14 15 16 17 18 |
---------------+-------------------------------------------------------+-----
Axes           | 2 3 4 6 7 8 10 11 12 14 15 16 17 18 | 18.0
Fighting       | 4 5 6 7 9 11 12 13 15 | 15.2
Dodging        | 1 2 3 5 6 |  6.1
Throwing       | 1 3 4 5 6 7 8 |  8.0
Armour         | 5 6 7 8 9 12 13 | 13.0
Shields        | 4 5 9 10 11 12 13 14 15 | 15.0
Invocations    | 3 4 7 10 | 10.0

Action                     |  1- 3 |  4- 6 |  7- 9 | 10-12 | 13-15 | 16-18 || total
---------------------------+-------+-------+-------+-------+-------+-------++-------
  Melee: War axe           |   108 |   139 |   314 |   252 |       |       ||   813
         Broad axe         |       |       |       |   167 |   810 |   717 ||  1694
         Flail             |       |       |       |     5 |    57 |       ||    62
         Demon whip        |       |       |       |       |     1 |       ||     1
  Throw: Boomerang         |       |    11 |    83 |       |    25 |    66 ||   185
         Javelin           |       |       |       |    62 |   163 |    62 ||   287
 Invoke: Heroism           |       |       |     1 |    24 |    41 |    25 ||    91
         Finesse           |       |       |       |     3 |     9 |     7 ||    19
    Use: Scroll            |     3 |     5 |     7 |     9 |    17 |     3 ||    44
         Potion            |       |     4 |     1 |       |     1 |       ||     6
   Stab: Distracted        |       |       |     1 |       |     1 |       ||     2
 Armour: Scale mail        |    40 |       |       |       |       |       ||    40
         Chain mail        |    22 |    84 |    43 |    92 |   369 |   258 ||   868
         Skin              |       |     4 |       |       |       |       ||     4
         Plate armour      |       |       |   135 |   165 |   241 |    21 ||   562
  Dodge: Dodged            |    49 |    58 |    93 |   145 |   327 |   180 ||   852
  Block: Buckler           |    13 |    19 |    44 |    34 |       |       ||   110
         Kite shield       |       |       |       |   138 |   577 |   338 ||  1053
         Reflection        |       |       |       |       |       |    36 ||    36

Table legend:
 A = Non-vault XP
 B = Vault XP
 C = Vault XP percentage of total XP
 D = Non-vault monster count
 E = Vault monster count
 F = Vault count percentage of total count
                 A         B        C        D         E       F
            +---------+---------+-------+---------+---------+-------
      Total |  167339 |   89969 |  35.0 |     591 |     249 |  29.6
            +---------+---------+-------+---------+---------+-------
        D:1 |      29 |       4 |  12.1 |      17 |       2 |  10.5
        D:2 |      69 |      18 |  20.7 |      20 |       4 |  16.7
        D:3 |     102 |     348 |  77.3 |      17 |       3 |  15.0
        D:4 |     301 |     214 |  41.6 |      20 |       1 |   4.8
        D:5 |     248 |      39 |  13.6 |       9 |       2 |  18.2
        D:6 |     741 |     624 |  45.7 |      24 |       5 |  17.2
        D:7 |    1240 |    4031 |  76.5 |      12 |      23 |  65.7
        D:8 |    1799 |     267 |  12.9 |      26 |       5 |  16.1
        D:9 |    3697 |      46 |   1.2 |      20 |       1 |   4.8
       D:10 |    3183 |    4963 |  60.9 |      18 |      14 |  43.8
       D:11 |    3214 |   10579 |  76.7 |      11 |      35 |  76.1
       D:12 |    2650 |       0 |   0.0 |      13 |       0 |   0.0
       D:13 |    9330 |    5803 |  38.3 |      19 |       8 |  29.6
       D:14 |    4506 |    2006 |  30.8 |      10 |       7 |  41.2
       D:15 |    6527 |    5301 |  44.8 |      17 |       8 |  32.0
     Lair:1 |    3562 |    1327 |  27.1 |      19 |       3 |  13.6
     Lair:2 |    8479 |    4870 |  36.5 |      30 |      13 |  30.2
     Lair:3 |    4843 |     145 |   2.9 |      17 |       1 |   5.6
     Lair:4 |    1883 |    5660 |  75.0 |       7 |      17 |  70.8
     Lair:5 |   15350 |    7294 |  32.2 |      46 |      26 |  36.1
   Shoals:1 |    7063 |   14049 |  66.5 |      14 |      15 |  51.7
   Shoals:2 |   15697 |       0 |   0.0 |      29 |       0 |   0.0
   Shoals:3 |    8969 |    3943 |  30.5 |      15 |       4 |  21.1
    Snake:1 |   11628 |       0 |   0.0 |      25 |       0 |   0.0
    Snake:2 |   19998 |       0 |   0.0 |      37 |       0 |   0.0
    Snake:3 |   24926 |       0 |   0.0 |      49 |       0 |   0.0
      Orc:1 |    1901 |    2923 |  60.6 |      18 |      17 |  48.6
      Orc:2 |    5404 |   15515 |  74.2 |      32 |      35 |  52.2
            +---------+---------+-------+---------+---------+-------
